cohdb
Replays
Latest Replays
All Replays
Popular Replays
Top Player Replays
Match Explorer
How It Works
Community
CoH3 Stats
Reddit
Sign in to upload your games and track your stats! →
Sign in with Steam
Match 40153617
Unlisted
Match 40153617
Overview
Messages
Build Orders
End
Construct Barracks
Engineer Squad
Riflemen Squad
Riflemen Squad
1⁄4-ton 4x4 Truck
Grenade Package
Infantry Support Center
Construct Motor Pool
M8 Greyhound Armored Car
Riflemen Squad
Engineer Squad
M1 Anti-tank Gun Team
Construct Medical Station
Construct Medical Station
M1918 Browning Automatic Rifles
M8 Greyhound Armored Car
Riflemen Squad
Advanced Logistics
Selects Armored Battlegroup
Selects Strength in Steel
Selects Seek and Destroy
M1 Anti-tank Gun Team
Munitions Surplus
Riflemen Squad
Selects M4A3E8 Sherman Combat Group
M4A3E8 Sherman Combat Group
Selects Assault Engineers
Demolitions Package
Survival Training
Construct Weapon Support Center
comm_ash
FamousAverage
SgtSlaughter
Nashorn101
0
0
Comments
sign in to comment!
No comments posted yet!